 Dungeon Crawl Stone Soup version 0.31.0-12-g77e489cdc1 (webtiles) character file.

Game seed: 2634763946605906319

132813 monsoonserge the Ruinous (level 17, 0/113 HPs)
             Began as a Djinni Fire Elementalist on Feb 25, 2024.
             Was a High Priest of Elyvilon.
             Slain by a ghost moth (13 damage)
             ... on level 3 of the Spider Nest.
             The game lasted 03:05:13 (28311 turns).

monsoonserge the Ruinous (DjFE)                    Turns: 28311, Time: 03:05:15

Health: 0/113      AC:  9    Str:  3 (7)  XL:     17   Next: 70%
Gold:   2232       EV:  8    Int: 16 (23) God:    Elyvilon [*****.] SH: 17 Dex: 12 (18)

rFire   + + +        i - staff of cold
rCold   + . .        S - +0 tower shield
rNeg    + + .        Y - +2 robe {rC+ rF+}
rPois   ∞            E - +0 helmet
rElec   .            K - +1 cloak {rPois}
rCorr   .            I - +1 pair of gloves "Efikk" {rN+ Dex+2}
SInv    .            (boots unavailable)
Will    ++...        N - amulet of regeneration
Stlth   ++           J - ring of willpower
HPRegen 1.18/turn    c - ring of positive energy
MPRegen 0.00/turn

%: infuse magic (-1 HP)
@: about to teleport, flying, studying Conjurations
A: sickness immunity, fire resistance 2, cold vulnerability 1, float, innate
caster, HP casting, extra vitality 1
a: Renounce Religion, Purification, Heal Other, Heal Self, Divine Vigour


You were on level 3 of the Spider Nest.
You worshipped Elyvilon.
Elyvilon was extremely pleased with you.
You visited 6 branches of the dungeon, and saw 27 of its levels.
You also visited: Sewer, Ossuary and Bailey.

You collected 2821 gold pieces.
You spent 589 gold pieces at shops.

Inventory:

Hand Weapons
 r - a +2 dagger of venom
 M - the +4 consecrated labrys {holy, Valiant ^Fragile Fly SInv}
   (You took it off a spriggan in a bailey)

   Valiant:   It becomes more powerful as more dangerous foes come into view.
   SInv:      It lets you see invisible.
   Fly:       It grants you flight.
   ^Fragile:  It will be destroyed if unequipped.
Missiles
 n - 14 boomerangs
 A - 31 poisoned darts (quivered)
 P - 11 curare-tipped darts
Armour
 E - a +0 helmet (worn)
 F - +0 acid dragon scales
 G - the +1 leather armour "Vuul" {rN++ Int+4}
   (You found it on level 1 of the Lair of Beasts)

   Int+4:     It affects your intelligence (+4).
   rN++:      It greatly protects you from negative energy.
 I - the +1 pair of gloves "Efikk" (worn) {rN+ Dex+2}
   (You found it on level 5 of the Lair of Beasts)

   Dex+2:     It affects your dexterity (+2).
   rN+:       It protects you from negative energy.
 K - a +1 cloak of poison resistance (worn)
 S - a +0 tower shield (worn)
 Y - a +2 robe of resistance (worn)
Magical Staves
 i - a staff of cold (weapon)
 D - a staff of fire
Jewellery
 c - a ring of positive energy (right hand)
 H - a ring of resist corrosion
 J - a ring of willpower (left hand)
 N - an amulet of regeneration (around neck)
Wands
 o - a wand of polymorph (14)
 L - a wand of roots (15)
 O - a wand of charming (7)
 X - a wand of acid (13)
 Z - a wand of mindburst (19)
Scrolls
 b - 10 scrolls of fear
 e - 3 scrolls of torment {unknown}
 h - 10 scrolls of teleportation
 j - a scroll of revelation {unknown}
 k - 3 scrolls of noise {unknown}
 l - 5 scrolls of amnesia {unknown}
 m - 5 scrolls of immolation {unknown}
 q - 3 scrolls of silence {unknown}
 u - 8 scrolls of fog
 v - 9 scrolls of blinking
 y - 3 scrolls of butterflies {unknown}
 z - 4 scrolls of enchant armour {unknown}
 Q - 2 scrolls of vulnerability {unknown}
 W - 3 scrolls of poison {unknown}
Potions
 a - 7 potions of haste
 f - 9 potions of might
 g - 5 potions of enlightenment
 p - 6 potions of lignification
 s - a potion of invisibility {unknown}
 t - 9 potions of heal wounds
 w - 5 potions of mutation
 x - 4 potions of cancellation
 B - a potion of magic {unknown}
 C - 9 potions of curing {unknown}
 R - 3 potions of resistance
 U - 2 potions of berserk rage
 V - 2 potions of brilliance


   Skills:
 + Level 8.0 Fighting
 + Level 1.1 Staves
 + Level 1.9 Throwing
 + Level 7.3 Dodging
 + Level 3.1 Stealth
 * Level 12.2 Shields
 * Level 17.9 Spellcasting
 * Level 21.0 Conjurations
 * Level 17.9 Hexes
 * Level 17.9 Summonings
 * Level 17.9 Necromancy
 * Level 17.9 Translocations
 * Level 17.9 Fire Magic
 * Level 17.9 Ice Magic
 * Level 17.9 Air Magic
 * Level 17.9 Earth Magic
 * Level 17.9 Alchemy
 * Level 12.5 Invocations
 + Level 3.0 Evocations


You knew the following spells:

 Your Spells              Type           Power      Damage    Failure   Level
a - Foxfire               Conj/Fire      100%       2x1d9     1%          1
b - Scorch                Fire           100%       2d9       1%          2
c - Volatile Blastmotes   Fire/Tloc      100%       2d18      1%          3
d - Inner Flame           Hex/Fire       64%        N/A       1%          3
e - Flame Wave            Conj/Fire      67%        2d15      1%          4
f - Necrotise             Necr           100%       1d9       1%          1
g - Ensorcelled Hibernat  Hex/Ice        100%       N/A       1%          2
h - Tukima's Dance        Hex            64%        N/A       1%          3
i - Airstrike             Air            32%        2d(5-21)  1%          4
j - Summon Mana Viper     Hex/Summ       64%        N/A       3%          5
k - Freezing Cloud        Conj/Ice/Air   42%        6-21      2%          5
l - Sculpt Simulacrum     Ice/Alch       41%        N/A       22%         6
m - Eringya's Noxious Bo  Alch           32%        4d6       22%         6
Your spell library was empty.

Dungeon Overview and Level Annotations

Branches:
Dungeon (15/15)            Temple (1/1) D:6            Lair (5/5) D:9
 Shoals (0/4) Lair:3       Spider (3/4) Lair:2        Slime (0/5) Lair:4
    Orc (2/2) D:9             Elf (0/3) Orc:2        Vaults (0/5) D:14
 Depths (1/4) D:15          Sewer (visited)         Ossuary (visited)
 Bailey (visited)

Altars:
Ashenzari
Cheibriados
Dithmenos
Elyvilon
Fedhas
Gozag
Hepliaklqana
Makhleb
Nemelex Xobeh
Okawaru
Qazlal
Ru
Trog
Uskayaw
Wu Jian
Xom
Yredelemnul
Zin
The Shining One
Jiyva

Shops:
D:4 ?(*[   D:13 (   D:15 [:?   Orc:2 [[=(*

Portals:
Trove: D:14 (give +2 gold dragon scales)


Innate Abilities, Weirdness & Mutations

You are immune to sickness and miasma.
You are immune to poison.
Your flesh is very heat resistant. (rF++)
You are vulnerable to cold. (rC-)
You float through the air rather than walking.
You learn spells naturally, not from books.
Your magical power is your life essence.
You have superior vitality. (+4 MHP)


Message History

* * * LOW HITPOINT WARNING * * *
Something stings you but does no damage.
You feel you are being watched by something.
Something completely misses you. Something hits you.
* * * LOW HITPOINT WARNING * * *
Something stings you.
* * * LOW HITPOINT WARNING * * *
You are healed.
You feel you are being watched by something.
You block something's attack. Something hits you!
* * * LOW HITPOINT WARNING * * *
Something stings you.
* * * LOW HITPOINT WARNING * * *
You are healed.
You feel you are being watched by something.
Something hits you!
You feel dopey. Something hits you. You block something's attack.
Casting: Scorch (safe; 1% risk of failure)
Confirm with . or Enter, or press ? or * to list all spells.
Flames lash something.
You feel you are being watched by something.
Something hits you!
* * * LOW HITPOINT WARNING * * *
You feel clumsy. Something hits you!
* * * LOW HITPOINT WARNING * * *
Something stings you!
* * * LOW HITPOINT WARNING * * *
You are healed.
You block something's attack. Something hits you!
* * * LOW HITPOINT WARNING * * *
You feel clumsy.
Something stings you but does no damage.
As you read the scroll of teleportation, it crumbles to dust.
You feel strangely unstable.
You feel you are being watched by something.
Something hits you but does no damage. Something hits you!
* * * LOW HITPOINT WARNING * * *
Something stings you!
You die...

##†#### ##.....#### ##.†......^##
#....# ####...........#
......####.....†.........
.....^......†............
.....#...................
...........................
..........#..§..@..........
...........#§§§§..........# ####
.^$.........#§§§........######...
.y..........§§####..#.### ......
........^....§..#..#### ......
.s.......###§......# ......
......<## .......## ......
..$....# ^......... ......
#....... ...........# ......


There were no monsters in sight!

Vanquished Creatures
  Rupert (D:12)
  Gastronok (D:8)
  Agnes (D:14)
  The ghost of turdburglar the Metamorph, an adept MfSh of Gozag (Orc:1)
  A stone giant (Orc:2)
  Nessos (D:14)
  3 ettins
  5 entropy weavers
  The ghost of Sunint the Destroyer, a journeyman DrCj (Lair:1)
  An ice dragon (Lair:5)
  A jorogumo (Spider:2)
  5 hydras
  3 boulder beetles
  An ogre mage (D:15)
  2 two-headed ogres
  2 dancing weapons (D:14)
  2 centaur warriors (D:14)
  3 demonic crawlers
  18 death yaks
  3 tengu warriors
  Urug (Lair:3)
  Amaemon (Lair:2)
  3 pharaoh ants
  2 skysharks
  A deep troll (D:15)
  Lodul (D:11)
  2 sun moths
  2 orb spiders
  A harpy (Lair:3)
  A swamp dragon (Lair:5)
  6 steelbarb worms
  Pikel (D:5)
  2 orc knights
  A necromancer (D:15)
  2 deep elf pyromancers
  An orc sorcerer (D:15)
  9 wolf spiders
  10 cyclopes
  6 manticores
  23 ugly things
  A moth of wrath (Spider:3)
  7 black mambas
  5 torpor snails
  3 kobold demonologists (D:11)
  An orange demon (Lair:2)
  17 cane toads
  4 gargoyles
  Jeremiah (D:7)
  An unseen horror (D:12)
  3 rime drakes (Lair:5)
  A yaktaur (D:15)
  15 komodo dragons
  2 ice devils (D:11)
  2 tengu conjurers
  Psyche (D:8)
  A troll (D:10)
  2 polar bears
  20 blink frogs
  8 dream sheep
  17 tarantellas
  10 culicivoras
  A vampire (D:12)
  16 jumping spiders
  2 shadows
  2 water elementals (D:13)
  13 slime creatures
  A culicivora (shapeshifter) (D:15)
  3 wyverns
  3 spriggans (Bailey)
  9 vampire mosquitoes
  56 yaks
  41 redbacks
  2 basilisks (Lair:5)
  2 wargs
  4 steam dragons
  Menkaure (D:5)
  2 acid dragons
  16 orc warriors
  11 water moccasins
  5 black bears
  3 swamp drakes (Lair:5)
  4 ice beasts
  A sky beast (D:6)
  2 laughing skulls (D:14)
  14 ogres
  17 wolves
  8 centaurs
  4 lemures (D:5)
  A brain worm (Sewer)
  5 kobold brigands
  A gnoll sergeant (D:8)
  12 bullfrogs
  13 wights
  A scorpion (D:5)
  10 killer bees
  4 vampire bats
  An electric eel (Lair:1)
  A howler monkey (D:8)
  2 centaur zombies (Ossuary)
  4 jellies
  2 hounds
  Crazy Yiuf (D:4)
  A gnoll bouda (D:8)
  19 orc priests
  A sleepcap (D:5)
  4 iguanas
  18 orc wizards
  7 hell rats (Lair:3)
  4 crocodile zombies (Ossuary)
  2 mummies (Ossuary)
  12 gnolls
  10 adders
  2 ufetubi (D:6)
  A dart slug (D:2)
  2 ribbon worms (D:2)
  61 orcs
  10 ball pythons
  3 bat skeletons (D:5)
  3 bat zombies (D:5)
  4 endoplasms
  8 giant cockroaches
  A gnoll zombie (Ossuary)
  8 goblins
  8 hobgoblins
  3 jackals (D:4)
  7 quokkas
  19 bats
  3 frilled lizards
  27 kobolds
  A kobold zombie (Ossuary)
  8 rats
812 creatures vanquished.

Vanquished Creatures (collateral kills)
  An ettin (Orc:2)
  An entropy weaver (Spider:1)
  2 two-headed ogres
  A yak (D:11)
  A redback (Spider:1)
  A killer bee (D:11)
  A goblin (D:2)
  A ball python (D:3)
  8 foxfires
17 creatures vanquished.

Vanquished Creatures (others)
  A fire crab (Lair:5)
  4 dancing weapons
  2 yaks
  A killer bee (D:11)
  An orc wizard (D:11)
  An orc (D:11)
  983 foxfires
993 creatures vanquished.

Grand Total: 1822 creatures vanquished

Notes
Turn   | Place    | Note
-------+----------+-------------------------------------------
     0 | D:1      | monsoonserge the Djinni Fire Elementalist began the quest
                  | for the Orb.
     0 | D:1      | monsoonserge set off with the following spells memorised:
                  | Foxfire, Scorch, Volatile Blastmotes, Inner Flame, Flame
                  | Wave.
     0 | D:1      | Reached XP level 1. HP: 15/15 MP: 0/0
    52 | D:1      | Reached XP level 2. HP: 13/21 MP: 0/0
   209 | D:1      | Reached XP level 3. HP: 19/25 MP: 0/0
   209 | D:1      | Learned a level 1 spell: Necrotise
   526 | D:2      | Reached XP level 4. HP: 19/31 MP: 0/0
   711 | D:2      | Identified the +10 sling of the Foremost Friends {drain,
                  | Str+6 Dex+3}
   930 | D:2      | Reached skill level 4 in Conjurations
  1570 | D:3      | Reached XP level 5. HP: 33/35 MP: 0/0
  1570 | D:3      | Learned a level 2 spell: Ensorcelled Hibernation
  1611 | D:3      | Found an ornate altar of the Wu Jian Council.
  2127 | D:4      | Found a runed translucent door.
  2128 | D:4      | Noticed Crazy Yiuf
  2162 | D:4      | Found a sand-covered staircase.
  2167 | Ossuary  | Entered an ossuary
  2179 | Ossuary  | Reached XP level 6. HP: 20/40 MP: 0/0
  2188 | Ossuary  | Reached skill level 5 in Spellcasting
  2188 | Ossuary  | Reached skill level 5 in Conjurations
  2188 | Ossuary  | Reached skill level 5 in Hexes
  2188 | Ossuary  | Reached skill level 5 in Summonings
  2188 | Ossuary  | Reached skill level 5 in Necromancy
  2188 | Ossuary  | Reached skill level 5 in Translocations
  2188 | Ossuary  | Reached skill level 5 in Fire Magic
  2188 | Ossuary  | Reached skill level 5 in Ice Magic
  2188 | Ossuary  | Reached skill level 5 in Air Magic
  2188 | Ossuary  | Reached skill level 5 in Earth Magic
  2188 | Ossuary  | Reached skill level 5 in Alchemy
  2455 | D:4      | Found Renufaci's Antique Armour Emporium.
  2456 | D:4      | Found Voetin's General Store.
  2468 | D:4      | Found a glowing drain.
  2512 | Sewer    | Entered a sewer
  2567 | Sewer    | Reached XP level 7. HP: 38/45 MP: 0/0
  2567 | Sewer    | Learned a level 3 spell: Tukima's Dance
  2606 | Sewer    | Reached skill level 6 in Conjurations
  3057 | D:4      | Found Qoumorom's Antique Weapon Emporium.
  3166 | D:4      | Found Onal's Magic Scroll Emporium.
  3435 | D:4      | Bought a scroll of fog for 48 gold pieces
  3435 | D:4      | Bought a scroll of fear for 48 gold pieces
  3435 | D:4      | Bought a scroll of teleportation for 36 gold pieces
  3549 | D:5      | Entered Level 5 of the Dungeon
  3577 | D:5      | Reached XP level 8. HP: 47/50 MP: 0/0
  3594 | D:5      | Reached skill level 7 in Conjurations
  3697 | D:5      | Noticed Pikel
  3717 | D:5      | Killed Pikel
  3718 | D:5      | Reached skill level 8 in Conjurations
  3718 | D:5      | Reached XP level 9. HP: 23/55 MP: 0/0
  3718 | D:5      | Learned a level 4 spell: Airstrike
  3721 | D:5      | Noticed Menkaure
  3728 | D:5      | Killed Menkaure
  3922 | D:5      | Found an iron altar of Okawaru.
  4051 | D:5      | Reached skill level 9 in Conjurations
  4255 | D:5      | Found a broken altar of Ashenzari.
  4992 | D:6      | Found a staircase to the Ecumenical Temple.
  5001 | Temple   | Entered the Ecumenical Temple
  5020 | Temple   | Became a worshipper of Elyvilon the Healer
  5113 | D:6      | Reached skill level 1 in Fighting
  5439 | D:6      | Reached XP level 10. HP: 47/67 MP: 0/0
  5614 | D:6      | Reached skill level 10 in Spellcasting
  5614 | D:6      | Reached skill level 10 in Conjurations
  5614 | D:6      | Reached skill level 10 in Hexes
  5614 | D:6      | Reached skill level 10 in Summonings
  5614 | D:6      | Reached skill level 10 in Necromancy
  5614 | D:6      | Reached skill level 10 in Translocations
  5614 | D:6      | Reached skill level 10 in Fire Magic
  5614 | D:6      | Reached skill level 10 in Ice Magic
  5614 | D:6      | Reached skill level 10 in Air Magic
  5614 | D:6      | Reached skill level 10 in Earth Magic
  5614 | D:6      | Reached skill level 10 in Alchemy
  6027 | D:7      | Reached * piety under Elyvilon
  6165 | D:7      | Noticed Jeremiah
  6404 | D:7      | Reached skill level 1 in Invocations
  6492 | D:7      | Reached ** piety under Elyvilon
  6596 | D:7      | Killed Jeremiah
  6597 | D:7      | Reached skill level 1 in Evocations
  6750 | D:7      | Reached skill level 5 in Fighting
  7593 | D:8      | Noticed Psyche
  7595 | D:8      | Killed Psyche
  7860 | D:4      | Bought 3 scrolls of blinking for 270 gold pieces
  8157 | D:8      | Found a stormy altar of Qazlal.
  8421 | D:8      | Noticed Gastronok
  8434 | D:8      | Killed Gastronok
  8435 | D:8      | Reached XP level 11. HP: 38/76 MP: 0/0
  8435 | D:8      | Learned a level 5 spell: Summon Mana Viper
  8839 | D:9      | Reached *** piety under Elyvilon
  8847 | D:9      | Identified a scroll of acquirement
  9027 | D:9      | Noticed a two-headed ogre
  9035 | D:9      | Killed a two-headed ogre
  9037 | D:9      | Found a hazy altar of Hepliaklqana.
  9049 | D:9      | Found a staircase to the Orcish Mines.
  9131 | D:9      | Found a hide-covered altar of Uskayaw.
  9144 | D:9      | Found a sacrificial altar of Ru.
  9199 | D:9      | Found a flagged portal.
  9208 | Bailey   | Entered a bailey
  9266 | Bailey   | Reached skill level 5 in Invocations
  9339 | Bailey   | Reached skill level 11 in Conjurations
  9454 | Bailey   | Noticed a two-headed ogre
  9463 | Bailey   | Killed a two-headed ogre
  9584 | D:9      | Found a staircase to the Lair.
 10722 | D:4      | Killed Crazy Yiuf
 10966 | D:10     | Entered Level 10 of the Dungeon
 10989 | D:10     | Noticed a two-headed ogre
 10996 | D:10     | Killed a two-headed ogre
 11002 | D:10     | Reached **** piety under Elyvilon
 11019 | D:10     | Reached skill level 5 in Shields
 11179 | D:10     | Reached XP level 12. HP: 69/84 MP: 0/0
 11184 | D:10     | Found a glowing golden altar of the Shining One.
 11481 | D:11     | Noticed Lodul
 11527 | D:11     | Killed Lodul
 11577 | D:11     | Was placed under penance by Elyvilon
 11900 | D:11     | Reached skill level 12 in Conjurations
 12075 | D:11     | Found a frozen archway.
 12493 | Lair:1   | Entered Level 1 of the Lair of Beasts
 12647 | Lair:1   | Found a runed translucent door.
 12652 | Lair:1   | Noticed Sunint's ghost (journeyman DrCj)
 12778 | Lair:1   | Was forgiven by Elyvilon
 12957 | Lair:1   | Reached XP level 13. HP: 85/89 MP: 0/0
 12957 | Lair:1   | Learned a level 5 spell: Freezing Cloud
 13492 | Lair:1   | Reached skill level 5 in Dodging
 13783 | Lair:2   | You are sucked into a shaft and drop 2 floors!
 13877 | Lair:4   | Reached skill level 13 in Conjurations
 14120 | Lair:3   | Noticed Urug
 14134 | Lair:2   | Noticed a six-headed hydra
 14139 | Lair:2   | Pacified a six-headed hydra
 14145 | Lair:2   | Noticed Amaemon
 14155 | Lair:2   | Killed Amaemon
 14255 | Lair:2   | Acquired a manual of Conjurations
 14271 | Lair:2   | Found a hole to the Spider Nest.
 14452 | Lair:2   | Reached skill level 14 in Conjurations
 14650 | Lair:2   | Identified the +3 ring mail of the Farmer {Rampage Int+4
                  | Dex+2}
 14764 | Lair:3   | Identified the +11 hand axe of Destiny {heavy, ^Fragile rF+
                  | rCorr Str+8}
 14813 | Lair:3   | Found a staircase to the Shoals.
 14831 | Lair:3   | Reached XP level 14. HP: 93/96 MP: 0/0
 14874 | Lair:3   | Killed Urug
 14875 | Lair:3   | Reached skill level 1 in Staves
 15380 | Lair:4   | Found a viscous altar of Jiyva.
 15381 | Lair:4   | Found a staircase to the Slime Pits.
 15396 | Lair:4   | Reached skill level 15 in Conjurations
 15629 | Lair:4   | Reached skill level 16 in Conjurations
 15632 | Lair:4   | Reached skill level 15 in Spellcasting
 15632 | Lair:4   | Reached skill level 15 in Hexes
 15632 | Lair:4   | Reached skill level 15 in Summonings
 15632 | Lair:4   | Reached skill level 15 in Necromancy
 15632 | Lair:4   | Reached skill level 15 in Translocations
 15632 | Lair:4   | Reached skill level 15 in Fire Magic
 15632 | Lair:4   | Reached skill level 15 in Ice Magic
 15632 | Lair:4   | Reached skill level 15 in Air Magic
 15632 | Lair:4   | Reached skill level 15 in Earth Magic
 15632 | Lair:4   | Reached skill level 15 in Alchemy
 15697 | Lair:4   | Reached ***** piety under Elyvilon
 16227 | Lair:5   | Entered Level 5 of the Lair of Beasts
 16414 | Lair:5   | Identified the +3 mace of Embarrassment {flame, Int+3}
 16656 | Lair:5   | Reached skill level 10 in Invocations
 16946 | Lair:5   | Identified the +1 pair of gloves "Efikk" {rN+ Dex+2}
 16993 | Lair:5   | Reached skill level 17 in Conjurations
 17236 | Lair:5   | Reached XP level 15. HP: 92/101 MP: 0/0
 17236 | Lair:5   | Learned a level 6 spell: Sculpt Simulacrum
 17906 | Lair:5   | Reached skill level 18 in Conjurations
 18313 | Lair:1   | Killed Sunint's ghost
 18321 | Lair:1   | Identified the +1 leather armour "Vuul" {rN++ Int+4}
 18390 | Orc:1    | Entered Level 1 of the Orcish Mines
 18412 | Orc:1    | Reached skill level 1 in Throwing
 18751 | Orc:2    | Entered Level 2 of the Orcish Mines
 18754 | Orc:2    | Found Etoet's Antique Armour Shoppe.
 18754 | Orc:2    | Noticed a stone giant
 18858 | D:12     | Noticed Rupert
 19238 | D:12     | Found an opulent altar of Gozag.
 19637 | D:12     | Killed Rupert
 20010 | D:13     | Found Negih's Weapon Boutique.
 20736 | D:14     | Noticed Nessos
 20740 | D:14     | Killed Nessos
 21077 | D:14     | Reached XP level 16. HP: 107/108 MP: 0/0
 21204 | D:14     | Reached skill level 19 in Conjurations
 21244 | D:14     | Found a gate to the Vaults.
 21408 | D:14     | Noticed Agnes
 21416 | D:14     | Killed Agnes
 21673 | D:14     | Elyvilon protects you from harm!
 21959 | D:14     | Found a portal to a secret trove of treasure.
 22116 | D:15     | Entered Level 15 of the Dungeon
 22116 | D:15     | Found Meonu's Armour Boutique.
 22124 | D:15     | Found Buutom's Magic Scroll Shoppe.
 22394 | D:15     | Found Ciun's Book Boutique.
 22543 | D:15     | Found a staircase to the Depths.
 22952 | Depths:1 | Entered Level 1 of the Depths
 22952 | Depths:1 | Noticed a sphinx
 23241 | Orc:2    | Found a staircase to the Elven Halls.
 23347 | Orc:2    | Found Zapheb's Jewellery Shoppe.
 23381 | Orc:2    | Reached skill level 10 in Shields
 23446 | Orc:2    | Found Inolaq's General Store.
 23660 | Orc:2    | Found Ritowniu's Armour Emporium.
 23892 | Orc:1    | Found a runed translucent gate.
 23892 | Orc:1    | Found a runed translucent gate.
 23892 | Orc:1    | Found a runed translucent gate.
 23896 | Orc:1    | Noticed turdburglar's ghost (adept MfSh)
 24129 | Orc:1    | Killed turdburglar's ghost
 24381 | Orc:2    | Found Oremown's Antique Weapon Shop.
 24664 | Orc:2    | Bought a runed cloak for 187 gold pieces
 24774 | Spider:1 | Entered Level 1 of the Spider Nest
 25087 | Spider:1 | Reached XP level 17. HP: 107/113 MP: 0/0
 25087 | Spider:1 | Learned a level 6 spell: Eringya's Noxious Bog
 25131 | Spider:1 | Reached skill level 20 in Conjurations
 26722 | Spider:2 | Reached ****** piety under Elyvilon
 28244 | Spider:3 | Reached skill level 21 in Conjurations
 28311 | Spider:3 | Slain by a ghost moth

Illustrated notes

Levels and vault maps discovered:
D:1:      minmay_arrival_stair_chambers, layout_rooms,
          chequers_serial_rivers_micro_c, minmay_hexomino_r4
D:2:      layout_loops_ring, minmay_increasing_density
D:3:      layout_rooms, nicolae_wu_jian_wuxing_cycle
D:4:      layout_loops_ring, portal_sewer_entry_f, enter_ossuary_2,
          serial_shops, shop_fountains, shop, shop, shop,
          chequers_serial_rivers_marsh, uniq_crazy_yiuf_cottage
D:5:      layout_rooms, okawaru_altar_gauntlet_db, nicolae_ashenzari_panopticon,
          kennysheep_vampire_church, glass_columns_b, minivault_27, uniq_pikel,
          uniq_menkaure
D:6:      layout_basic, minmay_temple_entry_poolview, amcnicky_mini_pool_small,
          uniq_eustachio
D:7:      layout_layer_cave, hangedman_decor_lopped, uniq_jeremiah
D:8:      layout_loops_cross, lemuel_round_altar, uniq_psyche, uniq_gastronok
D:9:      layout_loops_ring, led_sif_pool, lemuel_crystal_altar,
          nicolae_uskayaw_murder_on_the_dancefloor, mainiacjoe_overflow_paths,
          lair_entry_dummy, david_orc_3, enter_bailey_2,
          chequers_hall_statues_corner_a, nicolae_letterblocks
          [nicolae_letter_subblock, nicolae_letter_subblock,
          nicolae_letter_subblock, nicolae_letter_subblock,
          nicolae_letter_subblock, nicolae_letter_subblock,
          nicolae_letter_subblock, nicolae_letter_subblock,
          nicolae_letter_subblock, nicolae_letter_subblock,
          nicolae_letter_subblock, nicolae_letter_subblock,
          nicolae_letter_subblock, nicolae_letter_subblock,
          nicolae_letter_subblock, nicolae_letter_subblock,
          nicolae_letter_subblock, nicolae_letter_subblock,
          nicolae_letter_subblock, nicolae_letter_subblock,
          nicolae_letter_subblock, nicolae_letter_subblock,
          nicolae_letter_subblock, nicolae_letter_subblock,
          nicolae_letter_subblock]
D:10:     layout_rooms, mainiacjoe_overflow_six_doors_small
D:11:     layout_roguey, portal_ice_cave_demonic_guard, uniq_lodul
D:12:     layout_stronghold, nicolae_gozag_seed_capital, uniq_rupert
D:13:     layout_long_grid, serial_shops, shop, minivault_16,
          serial_bayou_lagoon_a
D:14:     layout_basic, erik_vaults_1, nicolae_trove_entry_free_sample,
          roderic_roman_lattice, uniq_agnes, uniq_nessos
D:15:     hangedman_depths_entry_civil_slaughter, layout_cave_pools,
          hangedman_decor_riveting, serial_shops, shop, shop, shop_fountains,
          roderic_batcave, st_stairs_2
Temple:   nicolae_temple_slightly_damp_pantheon
Lair:1:   layout_concentric_octagons, ebering_ghost_reflecting_pool,
          serial_bayou_shore_a, grunt_megastairs_2
Lair:2:   layout_cave_shapes, nicolae_spider_entry_orb_guardian,
          grunt_megastairs_1, uniq_amaemon
Lair:3:   layout_misc_corridors, mainiacjoe_shoals_entry_four_pools,
          grunt_megastairs_4, uniq_urug
Lair:4:   layout_regular_city, minmay_slime_entry_pillars, beast_lair_carwin_9
Lair:5:   guppyfry_lair_end_dragon, layout_cave_pods,
          nicolae_quartered_pool_impasse
Spider:1: layout_spider_delve, nicolae_spider_checkerboard,
          hangedman_spider_tarantella_strand
Spider:2: layout_chambers
Spider:3: layout_cave_pods
Orc:1:    layout_diamond_mine, ebering_ghost_rock_garden,
          nicolae_orc_crystal_geode
Orc:2:    grunt_orc_gardens, layout_diamond_mine, grunt_orc_garden,
          grunt_orc_garden, grunt_orc_garden, grunt_orc_garden, serial_shops,
          nicolae_shop_hallway_plus, nicolae_orc_damp_corner, minmay_orc_keep
Depths:1: layout_big_octagon, rand_demon_pan_entry_3, elyvilon_altar_1,
          hell_entry, tgw_trog

Skill      XL: |  1  2  3  4  5  6  7  8  9 10 11 12 13 14 15 16 17 |
---------------+----------------------------------------------------+-----
Stealth        | 2 3 |  3.1
Dodging        | 3 4 5 6 7 |  7.3
Spellcasting   | 4 5 6 8 9 10 11 12 14 15 16 17 | 17.9
Conjurations   | 4 5 6 8 9 10 11 12 14 17 18 19 21 | 21.0
Hexes          | 4 5 6 8 9 10 11 12 14 15 16 17 | 17.9
Summonings     | 4 5 6 8 9 10 11 12 14 15 16 17 | 17.9
Necromancy     | 4 5 6 8 9 10 11 12 14 15 16 17 | 17.9
Translocations | 4 5 6 8 9 10 11 12 14 15 16 17 | 17.9
Fire Magic     | 4 5 6 8 9 10 11 12 14 15 16 17 | 17.9
Ice Magic      | 4 5 6 8 9 10 11 12 14 15 16 17 | 17.9
Air Magic      | 4 5 6 8 9 10 11 12 14 15 16 17 | 17.9
Earth Magic    | 4 5 6 8 9 10 11 12 14 15 16 17 | 17.9
Alchemy        | 4 5 6 8 9 10 11 12 14 15 16 17 | 17.9
Fighting       | 3 6 7 8 |  8.0
Invocations    | 4 6 9 10 12 | 12.5
Evocations     | 1 2 3 |  3.0
Shields        | 2 5 6 10 12 | 12.2
Staves         | 1 |  1.1
Throwing       | 1 |  1.9

Action                     |  1- 3 |  4- 6 |  7- 9 | 10-12 | 13-15 | 16-18 || total
---------------------------+-------+-------+-------+-------+-------+-------++-------
  Melee: Staff             |       |     3 |     1 |     3 |    20 |     9 ||    36
  Throw: Dart              |       |       |       |       |    15 |       ||    15
   Cast: Foxfire           |    25 |    53 |    71 |   149 |   249 |    25 ||   572
         Scorch            |     7 |    25 |    39 |   143 |   320 |    38 ||   572
         Necrotise         |    11 |    32 |       |       |       |       ||    43
         Flame Wave        |       |     4 |     5 |    27 |    56 |    15 ||   107
         Volatile Blastmot |       |     1 |    30 |    46 |    53 |     7 ||   137
         Tukima's Dance    |       |       |       |    15 |     6 |    20 ||    41
         Summon Mana Viper |       |       |       |     2 |     3 |     3 ||     8
         Inner Flame       |       |       |       |     1 |     2 |       ||     3
         Airstrike         |       |       |       |     1 |       |   322 ||   323
         Freezing Cloud    |       |       |       |       |    46 |    87 ||   133
         Eringya's Noxious |       |       |       |       |       |     1 ||     1
 Invoke: Heal Other        |       |       |       |     7 |     2 |       ||     9
         Heal Self         |       |       |       |     3 |    11 |    20 ||    34
    Use: Potion            |       |     1 |     1 |       |       |       ||     2
         Scroll            |       |       |       |     5 |     6 |     4 ||    15
   Stab: Sleeping          |       |     1 |       |       |     1 |       ||     2
 Armour: Robe              |     4 |     8 |    21 |    70 |   174 |   205 ||   482
         Skin              |       |    17 |       |       |       |       ||    17
         Steam dragon scal |       |       |       |     6 |       |       ||     6
  Dodge: Dodged            |    10 |    11 |    25 |    80 |    84 |    71 ||   281
  Block: Buckler           |       |       |       |    25 |    57 |       ||    82
         Kite shield       |       |       |       |       |     4 |    18 ||    22
         Tower shield      |       |       |       |       |       |   171 ||   171
